Map: Frozen Temple

Players

Ryuu

  • Race: Zerg Zerg
  • League: Master

Miszu - Winner!

  • Race: Terran Terran
  • League: Master

VOD

Have the link to the VOD?

Description

Time

  • Played on: July 3, 2016, 10:31 a.m.
  • Length: 9:30
Show
View Real Time Build Order
Export as new Build Order

Ryuu Zerg 

Build Orders: Hatch First, Muta Ling Bane 

Get SALT Encoding   

  12  0:01  Drone  
  13  0:12  Overlord  
  13  0:17  Drone  
  14  0:31  Drone x2  
  14  0:34  Drone  
  17  0:52  Hatchery  
  17  0:55  Drone  
  17  0:59  Drone  
  18  1:09  Extractor  
  17  1:14  Spawning Pool  
  17  1:18  Drone  
  17  1:21  Drone  
  18  1:29  Drone  
  19  1:39  Overlord  
  19  2:00  Queen  
  21  2:01  Zergling x4  
  21  2:04  Queen  
  21  2:05  Drone  
  26  2:10  Metabolic Boost  
  26  2:13  Drone  
  27  2:16  Drone  
  27  2:22  Drone  
  29  2:29  Drone  
  30  2:33  Drone  
  30  2:36  Queen  
  32  2:49  Drone x2  
  34  2:53  Overlord  
  34  2:56  Drone  
  34  2:58  Pneumatized Carapace  
  35  3:01  Drone  
  36  3:13  Drone  
  36  3:14  Drone  
  36  3:15  Drone  
  36  3:16  Drone x2  
  36  3:19  Drone x3  
  44  3:22  Overlord  
  44  3:36  Hatchery  
  43  3:43  Roach Warren  
  42  3:48  Queen  
  42  3:51  Lair  
  42  3:54  Extractor  
  43  3:57  Drone x3  
  43  3:59  Drone  
  47  4:07  Drone x4  
  51  4:10  Overlord, Extractor  
  50  4:18  Overlord  
  50  4:24  Queen  
  50  4:28  Overlord  
  50  4:30  Extractor, Drone x3  
  54  4:31  Drone  
  54  4:36  Roach x2  
  59  4:39  Drone  
  60  4:46  Roach x2  
  60  4:49  Roach x2  
  68  4:55  Zergling x4  
  70  5:02  Zergling x8  
  74  5:24  Spire  
  74  5:26  Drone x2  
  75  5:29  Drone x4  
  75  5:32  Drone  
  75  5:33  Baneling Nest  
  79  5:38  Overseer  
  79  5:39  Overlord  
  79  5:40  Drone x2  
  79  5:41  Drone  
  81  5:54  Spore Crawler  
  81  5:56  Spore Crawler  
  79  5:57  Spore Crawler, Drone  
  79  5:58  Drone  
  79  5:59  Drone x4  
  84  6:05  Overlord  
  83  6:13  Drone x2  
  83  6:14  Overlord x2, Drone  
  80  6:40  Drone x4  
  80  6:43  Drone x4  
  83  6:47  Drone  
  83  6:48  Drone x2  
  83  6:51  Drone  
  84  7:04  Drone x2  
  84  7:05  Centrifical Hooks  
  84  7:06  Drone, Evolution Chamber x2  
  84  7:07  Overlord  
  85  7:17  Mutalisk  
  85  7:18  Mutalisk x6  
  85  7:20  Mutalisk  
  101  7:27  Extractor  
  101  7:28  Drone x4  
  101  7:29  Extractor, Roach  
  105  7:34  Zerg Melee Weapons Level 1, Zerg Ground Armor Level 1  
  105  7:37  Overlord  
  105  7:46  Baneling x4  
  105  7:48  Drone x3  
  105  7:50  Drone x2  
  110  7:55  Overlord  
  110  8:02  Hatchery  
  110  8:04  Zergling x2  
  110  8:05  Zergling x6  
  112  8:15  Overlord  
  112  8:17  Drone  
  112  8:19  Zergling x6, Hatchery  
  115  8:24  Overlord  
  115  8:25  Queen  
  117  8:27  Drone x2  
  117  8:31  Drone x2  
  117  8:32  Drone  
  122  8:40  Mutalisk  
  122  8:41  Mutalisk x3  
  124  8:43  Overlord  
  124  8:48  Baneling x4  
  131  8:55  Zergling x4  
  131  8:56  Zergling x12  
  131  8:59  Baneling x4  
  138  9:04  Overlord  
  138  9:06  Zergling x2  
  138  9:07  Zergling x10  
Show
View Real Time Build Order
Export as new Build Order

Miszu Terran - Winner!

Build Orders: Reaper Expand, MMM Bio 

Get SALT Encoding   

  12  0:00  SCV  
  13  0:12  SCV  
  14  0:17  Supply Depot  
  14  0:24  SCV  
  15  0:39  SCV  
  15  0:40  Barracks  
  16  0:43  Refinery  
  16  0:51  SCV  
  17  1:03  SCV  
  18  1:16  SCV  
  19  1:28  Reaper, Orbital Command  
  20  1:39  Command Center  
  20  1:49  Supply Depot  
  20  1:53  SCV  
  21  2:00  Barracks Reactor  
  21  2:04  Refinery  
  21  2:06  SCV  
  22  2:18  SCV  
  22  2:21  Factory  
  23  2:30  SCV  
  24  2:41  Marine  
  24  2:42  Marine, SCV  
  27  2:52  Orbital Command  
  27  2:54  SCV  
  28  2:59  Marine x2  
  30  3:06  Starport, SCV  
  30  3:07  Supply Depot, Factory Reactor  
  31  3:17  Marine x2  
  31  3:18  SCV  
  31  3:19  SCV  
  35  3:30  SCV  
  36  3:35  Marine x2, SCV  
  39  3:42  SCV  
  39  3:47  SCV  
  41  3:53  Marine x2  
  41  3:54  SCV  
  41  3:55  Medivac x2, Widow Mine  
  46  3:59  SCV  
  46  4:00  Supply Depot  
  51  4:07  SCV  
  52  4:11  Marine, SCV  
  52  4:15  Command Center  
  54  4:21  Marine, SCV  
  54  4:23  SCV  
  57  4:26  Supply Depot  
  57  4:27  Factory Tech Lab  
  57  4:30  Liberator x2  
  57  4:33  Marine, SCV  
  57  4:35  SCV  
  60  4:38  Refinery  
  60  4:39  Refinery  
  60  4:45  SCV  
  60  4:47  SCV  
  60  4:49  Supply Depot  
  68  4:57  SCV  
  69  5:04  SCV  
  70  5:11  Marine x2, Siege Tank, SCV  
  74  5:18  SCV  
  66  5:23  Engineering Bay x2, Barracks, SCV  
  66  5:24  Barracks  
  66  5:29  Marine x2, SCV  
  66  5:31  SCV  
  70  5:40  SCV  
  70  5:41  Orbital Command  
  71  5:48  Siege Tank  
  74  5:50  Terran Infantry Weapons Level 1, Terran Infantry Armor Level 1, SCV  
  74  5:54  Supply Depot  
  73  6:01  Barracks  
  73  6:03  Barracks, SCV x2  
  75  6:14  Supply Depot  
  75  6:15  SCV x2  
  75  6:17  Marine x2  
  75  6:18  Supply Depot, Barracks Tech Lab x2  
  79  6:27  SCV x2  
  79  6:30  Orbital Command  
  81  6:33  Siege Tank  
  81  6:35  Marine x2  
  81  6:36  Stimpack  
  81  6:37  Combat Shields  
  81  6:38  Marine x2  
  81  6:39  SCV x2  
  90  6:41  Supply Depot  
  90  6:42  Supply Depot  
  87  6:50  Supply Depot  
  87  6:51  SCV x2  
  87  6:52  Marine  
  90  6:58  Refinery  
  90  7:00  Barracks Reactor x2, Refinery  
  87  7:03  SCV x2, Armory  
  87  7:04  SCV  
  90  7:09  Medivac  
  90  7:10  Medivac  
  90  7:15  SCV  
  95  7:16  Marine x2  
  95  7:18  Supply Depot  
  95  7:20  Supply Depot, Siege Tank  
  95  7:21  SCV x2  
  102  7:26  Marine  
  102  7:27  Marine  
  104  7:34  Marine x2  
  106  7:37  Marine x2  
  106  7:39  Marine  
  106  7:40  Supply Depot, Medivac x2  
  106  7:42  Supply Depot  
  113  7:44  Marine  
  113  7:48  Marine  
  113  7:49  Marine  
  116  7:52  Marine x2  
  116  7:53  Barracks x2  
  116  7:54  Barracks  
  116  7:56  Bunker  
  116  7:57  Supply Depot, Liberator x2  
  118  8:03  Marauder  
  119  8:06  Marine x4  
  119  8:07  Marauder  
  119  8:10  Marine x2  
  127  8:14  Missile Turret  
  127  8:15  Missile Turret  
  124  8:24  Marine x3, Marauder  
  124  8:26  Marine  
  130  8:27  Marine  
  130  8:29  Marine  
  130  8:30  Marine  
  130  8:33  Supply Depot  
  133  8:36  Supply Depot  
  133  8:38  SCV  
  134  8:42  Marine x3  
  134  8:44  Marine, Barracks Tech Lab x3  
  134  8:45  Marine x2  
  134  8:47  Marine  
  135  9:03  Marine, Marauder  
  144  9:11  SCV  
  139  9:18  SCV  
Tags
 
Add a new tag
Caveats
  • Supply blocks, unpowered buildings, or Contaminate may cause inaccurate times.
  • Supply counts are checked every 10 seconds.